Map: Cyber Forest LE

Players

Infernus

  • Race: Protoss Protoss
  • League: Silver
  • Spawn Location: 5:00

TiPtOP - Winner!

  • Race: Terran Terran
  • League: Silver
  • Spawn Location: 11:00

VOD

Have the link to the VOD?

Description

Time

  • Played on: Aug. 13, 2019, 7:46 a.m.
  • Length: 10:10
Show
View Real Time Build Order
Export as new Build Order

Infernus Protoss 

Build Orders:  

Get SALT Encoding   

  12  0:02  Probe  
  13  0:14  Probe  
  13  0:19  Pylon  
  14  0:29  Probe  
  15  0:39  Gateway  
  15  0:41  Probe  
  16  0:46  Assimilator  
  16  0:54  Probe  
  17  1:06  Probe  
  18  1:19  Probe  
  19  1:35  Cybernetics Core  
  19  1:40  Gateway  
  18  2:00  Probe  
  19  2:01  Assimilator  
  19  2:02  Warp Gate  
  19  2:04  Adept  
  21  2:23  Probe  
  22  2:32  Pylon  
  22  2:49  Adept  
  25  2:51  Probe  
  25  2:52  Pylon  
  25  2:55  Adept  
  27  3:03  Probe  
  28  3:05  Twilight Council  
  28  3:15  Probe  
  29  3:27  Probe  
  29  3:34  Resonating Glaives  
  30  3:39  Probe  
  29  3:50  Nexus  
  29  3:51  Probe  
  29  3:53  Pylon  
  30  3:58  Stalker x2  
  30  4:28  Robotics Facility  
  30  4:33  Twilight Council  
  30  4:36  Assimilator  
  30  4:38  Assimilator  
  30  4:40  Stalker  
  32  5:04  Blink  
  32  5:18  Dark Shrine  
  32  5:20  Adept x2  
  36  5:28  Probe x2  
  36  5:29  Warp Prism  
  38  5:40  Probe x2  
  42  5:52  Probe  
  42  5:53  Probe  
  44  6:05  Probe x2, Observer  
  47  6:17  Templar Archives, Probe x2  
  49  6:20  Robotics Bay  
  49  6:28  Sentry  
  51  6:41  Stalker  
  53  7:07  Dark Templar  
  55  7:18  Dark Templar  
  57  7:41  Psionic Storm  
  52  7:47  High Templar, Charge  
  54  7:59  Probe x2  
  56  8:11  Probe x2  
  58  8:23  Sentry x2  
  62  8:29  Extended Thermal Lance  
  62  8:30  Pylon  
  62  8:48  Probe x2  
  62  8:54  Nexus  
  62  8:55  Pylon  
  64  8:56  Forge  
  64  8:57  Assimilator, Forge  
  64  8:59  Assimilator  
  64  9:01  Probe x2  
  64  9:02  Pylon  
  44  9:12  High Templar  
  44  9:13  High Templar, Probe x2  
  50  9:22  Gateway x2  
  50  9:24  Gateway  
  50  9:25  Gateway  
  50  9:28  Gateway  
  56  9:51  Stalker x2  
Show
View Real Time Build Order
Export as new Build Order

TiPtOP Terran - Winner!

Build Orders:  

Get SALT Encoding   

  12  0:00  SCV  
  13  0:13  SCV  
  14  0:19  Supply Depot  
  14  0:25  SCV  
  15  0:41  SCV  
  16  0:43  Barracks  
  16  0:53  SCV  
  17  1:08  SCV  
  18  1:14  Refinery  
  18  1:20  SCV  
  19  1:32  Marine  
  20  1:34  Command Center  
  20  2:11  Orbital Command  
  20  2:14  Barracks Reactor  
  20  2:24  Supply Depot  
  20  2:29  Barracks  
  20  2:49  SCV  
  20  2:50  SCV  
  22  2:56  Marine x2  
  24  3:01  SCV  
  24  3:02  SCV  
  24  3:05  Factory  
  25  3:13  SCV  
  25  3:15  SCV  
  26  3:28  Marine x2  
  26  3:30  Barracks Reactor  
  27  3:50  Factory Reactor  
  27  3:57  Refinery  
  26  4:16  Marine  
  26  4:17  Marine x3  
  25  4:18  Supply Depot  
  25  4:20  SCV  
  29  4:27  Widow Mine x2  
  29  4:29  SCV  
  34  4:32  SCV  
  34  4:34  Marine x2  
  34  4:35  Marine x2  
  39  4:41  SCV  
  39  4:42  Barracks  
  40  4:48  Supply Depot  
  40  4:52  Marine x2  
  42  4:53  Marine  
  43  5:06  Marine  
  44  5:10  Marine x2  
  46  5:14  SCV  
  46  5:17  Starport  
  46  5:20  SCV  
  48  5:25  Supply Depot  
  48  5:27  SCV  
  49  5:31  Barracks Tech Lab  
  49  5:32  SCV  
  49  5:39  SCV  
  49  5:40  Engineering Bay  
  50  5:44  SCV  
  51  5:51  SCV, Supply Depot  
  51  5:56  SCV  
  53  6:02  Stimpack, Marine  
  53  6:03  SCV, Marine x3  
  58  6:06  Marauder, Supply Depot  
  60  6:13  Supply Depot  
  60  6:15  SCV  
  61  6:24  Supply Depot  
  61  6:25  Factory Tech Lab  
  61  6:26  SCV  
  61  6:27  SCV  
  61  6:29  Marine x4  
  61  6:30  Marauder  
  69  6:35  Supply Depot  
  69  6:38  SCV  
  70  6:40  Supply Depot  
  70  6:42  Terran Infantry Weapons Level 1  
  70  6:47  Medivac x2  
  70  6:50  Marine x4  
  70  6:51  Marauder  
  80  7:02  Supply Depot  
  80  7:03  SCV  
  81  7:09  SCV  
  81  7:11  Refinery x2  
  81  7:15  SCV  
  83  7:22  SCV  
  84  7:25  Marine x2  
  84  7:26  Marine x2  
  84  7:27  SCV, Marauder  
  85  7:37  Missile Turret  
  78  7:47  Marine x4  
  78  7:48  Marauder  
  84  7:58  Siege Tank  
  84  8:00  Medivac x2  
  84  8:02  Combat Shield  
  91  8:09  Marauder  
  91  8:12  Missile Turret  
  93  8:26  Marine  
  93  8:27  Marine x3  
  94  8:30  Medivac  
  94  8:31  Siege Tank, Marauder  
  104  8:44  Marine x2  
  104  8:45  Marine  
  107  8:52  Marine, Marauder  
  110  9:02  Marine x3  
  110  9:03  Siege Tank  
  113  9:14  Marauder  
  115  9:23  Marine x4  
  119  9:35  Siege Tank, Marauder  
  124  9:41  Marine, Supply Depot x2  
Tags
 
Add a new tag
Caveats
  • Supply blocks, unpowered buildings, or Contaminate may cause inaccurate times.
  • Supply counts are checked every 10 seconds.